woodfighter, chaotic female giant Ranger ------- |.....------- ----G..........- -...B@...--- -. ----.--- -- woodfighter the Ranger Experience level: 3 Strength: 22 Dexterity: 11 Constitution: 13 Intelligence: 15 Wisdom: 14 Charisma: 7 Health: 0(21) Energy: 15(15) Def: 16 Gold: 79 Moves: 1267 Dungeon seed [set]: Game ID: woodfighter_1678474335 Your Inventory: Coins $ - 79 gold pieces Weapons a - an uncursed +2 sling (weapon in hand) Armor d - an uncursed +0 pair of high boots f - an uncursed +0 pair of high boots g - an uncursed +0 pair of high boots (being worn) q - an uncursed +2 dented pot u - an uncursed +0 dwarvish cloak y - an uncursed +2 dented pot z - an uncursed +2 dented pot N - an uncursed +2 dented pot (being worn) T - an uncursed +0 cloak of invisibility Y - an uncursed +1 large shield (being worn) Comestibles b - 5 uncursed cram rations j - an uncursed tripe ration s - 3 uncursed lichen corpses O - an uncursed sprig of wolfsbane Scrolls I - an uncursed scroll of identify Spellbooks w - an uncursed spellbook of restore ability Wands c - an uncursed wand of slow monster (0:3) Tools v - a cursed wax candle (0:400) x - an uncursed +0 pick-axe Gems e - 37 uncursed flints (in quiver) t - an uncursed amethyst Boulders/Statues i - an uncursed boulder k - an uncursed boulder n - an uncursed boulder r - an uncursed boulder B - an uncursed boulder D - an uncursed boulder Spells and supernatural/magical abilities: Name Level Category Fail Memory W - pray for help -- divine ? -- Your skills at the end: Miscellaneous Skills wands [Basic] Weapon Skills two-handed sword [Basic] sling [Basic] Spellcasting Skills Final Attributes: You were devoutly aligned. You had automatic searching. You had infravision. You were somewhat stealthy. You are dead. Vanquished creatures: a dwarf 3 jackals a newt 3 sewer rats 5 grid bugs a bat 6 lichens 20 creatures vanquished. Voluntary challenges: You did not adorn yourself with jewelry or accessories. You did not cause conflict. You were not invisible. You did not have reflection. You were not displaced. You were an atheist. You never hit with a wielded weapon. You did not use tools. You did not use plumbed fixtures. You did not drink any magical draughts. You were illiterate. You never genocided any monsters. You never polymorphed an object. You never changed form. You used no wishes. You did not use any artifacts. You never split a pudding. You never wrote Elbereth's name. You never violated your personal moral code. You enabled loading special bones files. Dungeon overview: The Dungeons of Doom: levels 1 to 3 Level 1 a long staircase Level 2 a vault, a fountain stairs to The Gnomish Mines Level 3 The Gnomish Mines: Level 3 <- You were here stairs to The Dungeons of Doom History has recorded: On T:1 you entered the Dungeons of Doom to retrieve the Amulet of Yendor! On T:424 you reached level 2 of The Dungeons of Doom. On T:788 you advanced to experience level 2. On T:1100 you reached level 3 of The Dungeons of Doom. On T:1244 you reached level 1 of The Gnomish Mines. On T:1250 you advanced to experience level 3. Score breakdown: Gold: 79 ( 7 points) Experience: 3 levels ( 200 points) Exploration: 3 levels ( 60 points) Discoveries: 6 items ( 300 points) Variety of kills: 7 monsters ( 350 points) Major goal: (nothing yet) ( 0 points) Survival: died (score multiplied by 3) Total score: 2751 Latest messages: e - 4 uncursed flints (in quiver). u - a hooded cloak. v - a candle. There are a few more objects here. The gnome wields a thonged club! w - a glittering spellbook. x - a pick-axe. The bat misses. The gnome swings her thonged club at you. The gnome misses. You feel more confident in your fighting skills. The bat misses. (3x) The flint hits the gnome. The bat bites! The gnome swings her thonged club at you. The gnome misses. The bat bites! The bat misses. The flint hits the gnome. The bat bites! The gnome swings her thonged club at you. The gnome hits you! The bat bites! You die... Final status: Goodbye woodfighter the Ranger, killed by a bat... You died in The Gnomish Mines on dungeon level 3 with 2751 points, and 79 pieces of gold, after 1267 moves. You were level 3 with a maximum of 21 hit points when you died.